Map: New Gettysburg LE

Players

Onigami

  • Race: Terran Terran
  • League: Master

bebe - Winner!

  • Race: Terran Terran
  • League: Master

VOD

Have the link to the VOD?

Description

you have to watch it

Time

  • Played on: Nov. 2, 2016, 1:07 p.m.
  • Length: 1:42
Show
View Real Time Build Order
Export as new Build Order

Onigami Terran 

Build Orders:  

Get SALT Encoding   

  12  0:01  SCV  
  13  0:13  SCV  
  14  0:19  Supply Depot  
  14  0:24  Refinery  
  14  0:29  SCV  
  15  0:41  SCV  
  16  0:48  Barracks  
  16  0:54  SCV  
  17  1:02  Refinery  
  17  1:06  SCV  
  18  1:18  SCV  
Show
View Real Time Build Order
Export as new Build Order

bebe Terran - Winner!

Build Orders:  

Get SALT Encoding   

  12  0:01  SCV  
  13  0:13  SCV  
  14  0:18  Supply Depot  
  14  0:25  SCV  
  15  0:40  SCV  
  15  0:41  Barracks  
  16  0:45  Refinery  
  16  0:52  SCV  
  17  1:04  SCV  
  18  1:16  SCV  
  20  1:36  Supply Depot  
Tags
 
Add a new tag
Caveats
  • Supply blocks, unpowered buildings, or Contaminate may cause inaccurate times.
  • Supply counts are checked every 10 seconds.